[Event "Team 45 45 League T57"]
[Site "Internet Chess Club"]
[Date "2013.06.08"]
[Round "3"]
[White "imawesome"]
[Black "Kueh"]
[Result "0-1"]
[WhiteElo "1807"]
[BlackElo "2010"]
[Opening "Caro-Kann: Panov-Botvinnik attack"]
[ECO "B13"]
[Time "17:05:10"]
[TimeControl "2700+45"]

1. e4 c6 2. d4 d5 3. exd5 cxd5 4. c4 Nf6 5. Nc3 Nc6 6. Bg5 dxc4 7. Bxc4 h6 8.
Bh4 Qxd4 9. Qxd4 Nxd4 10. O-O-O e5 11. f4 Bg4 12. Nf3 Bxf3 13. gxf3 Rc8 14. fxe5
Rxc4 15. exf6 Ne6 16. Bg3 gxf6 17. Kb1 Bg7 18. Ne4 O-O 19. Rd7 f5 20. Nd6 Rd4
21. Rxb7 f4 22. Nf5 fxg3 23. Nxd4 Bxd4 24. hxg3 Kg7 25. Rd1 h5 26. Rd7 Bf2 27.
R7d5 Rh8 28. Rh1 Kg6 29. f4 f5 30. g4 fxg4 31. f5+ Kf6 32. fxe6 g3 33. Rdxh5
Rxh5 34. Rxh5 g2 35. Rh6+ Kg7 36. e7 g1=Q+ 37. Kc2 Qe1 {White resigns} 0-1

[Event "Team 45 45 League T57"]
[Site "Internet Chess Club"]
[Date "2013.06.08"]
[Round "3"]
[White "frank001"]
[Black "Mymas"]
[Result "0-1"]
[WhiteElo "1770"]
[BlackElo "1734"]
[Opening "Nimzo-Indian: 4.e3"]
[ECO "E40"]
[Time "20:01:19"]
[TimeControl "2700+45"]

1. d4 Nf6 2. c4 e6 3. Nc3 Bb4 4. e3 d5 5. cxd5 Nxd5 6. Bd2 O-O 7. Qc2 Nd7 8. a3
Bxc3 9. bxc3 c5 10. Bd3 h6 11. e4 N5f6 12. e5 Nd5 13. Ne2 b6 14. Ng3 Bb7 15. Ne4
cxd4 16. cxd4 Ne7 17. Nd6 Bd5 18. Qd1 Nc8 19. Ne4 f5 20. exf6 Nxf6 21. Ng3 Bxg2
22. Rg1 Qxd4 {White resigns} 0-1

[Event "Team 45 45 League T57"]
[Site "Internet Chess Club"]
[Date "2013.06.11"]
[Round "3"]
[White "DARKwizard1"]
[Black "TerryMalloy"]
[Result "1/2-1/2"]
[WhiteElo "2000"]
[BlackElo "1940"]
[Opening "Petrov: Cozio (Lasker) attack"]
[ECO "C42"]
[Time "20:02:50"]
[TimeControl "2700+45"]

1. e4 e5 2. Nf3 Nf6 3. Nxe5 d6 4. Nf3 Nxe4 5. Qe2 Qe7 6. Nc3 Nxc3 7. dxc3 Qxe2+
8. Bxe2 Nc6 9. Bf4 Bf5 10. O-O-O h6 11. Rhe1 O-O-O 12. Bc4 g5 13. Bg3 Bg6 14. h4
g4 15. Nd4 Nxd4 16. Rxd4 h5 17. Bd3 Bh6+ 18. Bf4 c5 19. Ra4 Bxd3 20. Bxh6 Bb5
21. Ra5 a6 22. Bf4 b6 23. Ra3 Rhe8 24. Rxe8 Rxe8 25. Bxd6 Re1+ 26. Kd2 Re2+ 27.
Kd1 Rxf2 28. g3 Rf1+ 29. Kd2 Rf2+ 30. Kd1 Rf1+ 31. Kd2 Rf2+ {Game drawn by
mutual agreement} 1/2-1/2

[Event "Team 45 45 League T57"]
[Site "Internet Chess Club"]
[Date "2013.06.09"]
[Round "3"]
[White "cys456"]
[Black "laurenpar"]
[Result "1-0"]
[WhiteElo "1942"]
[BlackElo "1891"]
[Opening "Sicilian: closed"]
[ECO "B24"]
[Time "09:04:41"]
[TimeControl "2700+45"]

1. e4 c5 2. Nc3 Nc6 3. g3 g6 4. Bg2 Bg7 5. d3 e6 6. f4 d6 7. Nf3 Nge7 8. O-O O-O
9. Be3 Nd4 10. e5 Nef5 11. Bf2 Nxf3+ 12. Qxf3 Nd4 13. Qd1 dxe5 14. fxe5 Bxe5 15.
Na4 Rb8 16. c3 Nf5 17. Nxc5 b6 18. d4 Bg7 19. Nd3 Bb7 20. Bxb7 Rxb7 21. Qf3 Rc7
22. g4 Ne7 23. Bg3 Rd7 24. Rae1 Qa8 25. Qxa8 Rxa8 26. Kg2 Nc6 27. h4 b5 28. a3
a5 29. Re2 b4 30. Nc5 Rd5 31. Ne4 Rd7 32. h5 Kf8 33. hxg6 hxg6 34. Nc5 Rda7 35.
Nxe6+ Kg8 36. Nxg7 Kxg7 37. d5 Nd8 38. Be5+ Kh6 39. g5+ Kxg5 40. Bf6+ Kh5 41.
Rh1+ Kg4 42. Rh4+ Kf5 43. Rf2# {Black checkmated} 1-0

[Event "Team 45 45 League T57"]
[Site "Internet Chess Club"]
[Date "2013.06.09"]
[Round "3"]
[White "primerpaso"]
[Black "zap2"]
[Result "1-0"]
[WhiteElo "1883"]
[BlackElo "1769"]
[Opening "English: Bremen system with ...g6"]
[ECO "A24"]
[Time "09:17:34"]
[TimeControl "2700+45"]

1. c4 e5 2. Nc3 Nf6 3. g3 g6 4. Bg2 Bg7 5. e3 O-O 6. Nge2 d6 7. O-O Nbd7 8. d4
c6 9. b3 Re8 10. Ba3 Bf8 11. dxe5 dxe5 12. Bxf8 Nxf8 13. Qxd8 Rxd8 14. Rfd1 Bf5
15. e4 Bg4 16. f3 Be6 17. Kf2 N8d7 18. Rd2 Nc5 19. Rad1 Rxd2 20. Rxd2 a5 21. Nc1
Kf8 22. Bf1 Ke7 23. Ke3 Nfd7 24. f4 f6 25. Nd1 h5 26. h4 Rg8 27. Rh2 Rd8 28. Rd2
Bg4 29. Nf2 Be6 30. Ncd3 Rb8 31. Nxc5 Nxc5 32. Nd3 Nxd3 33. Bxd3 c5 34. Be2 Rd8
35. Rxd8 Kxd8 36. f5 gxf5 37. Bxh5 fxe4 38. Kxe4 Ke7 39. Bg6 Kf8 40. Bf5 Bf7 41.
g4 Kg7 42. h5 b6 43. Bd7 Bg8 44. Bf5 Kh6 45. Kf3 Kg5 46. Kg3 Bf7 47. Bd7 Bg8 48.
Bf5 a4 49. Kf3 axb3 50. axb3 b5 51. cxb5 Bxb3 52. b6 c4 53. b7 c3 54. b8=Q Bd1+
55. Kg3 c2 56. Qg8+ Kh6 57. Qg6# {Black checkmated} 1-0

[Event "Team 45 45 League T57"]
[Site "Internet Chess Club"]
[Date "2013.06.07"]
[Round "3"]
[White "NimzoMal"]
[Black "juniorVishy"]
[Result "1-0"]
[WhiteElo "1952"]
[BlackElo "1663"]
[Opening "QGD semi-Slav: Stoltz variation"]
[ECO "D45"]
[Time "17:02:38"]
[TimeControl "2700+45"]

1. d4 d5 2. c4 c6 3. Nc3 Nf6 4. e3 e6 5. Nf3 Nbd7 6. Qc2 Bd6 7. Bd3 O-O 8. O-O
Re8 9. cxd5 exd5 10. Re1 h6 11. h3 Nf8 12. a4 a5 13. b3 Bd7 14. e4 dxe4 15. Nxe4
Nxe4 16. Bxe4 Bb4 17. Bd2 Bxd2 18. Qxd2 Qb6 19. Ne5 Be6 20. Bc2 Rad8 21. Rad1 c5
22. Nf3 cxd4 23. Nxd4 Bc8 24. Rxe8 Rxe8 25. Nb5 Ne6 26. Qd3 g6 27. Qc3 Qc5 28.
Qxc5 Nxc5 29. Nd6 Rd8 30. Nc4 Rxd1+ 31. Bxd1 Be6 32. Nxa5 b6 33. b4 bxa5 34.
bxc5 Kf8 35. f4 Ke7 36. Kf2 Bd5 37. g3 Be6 38. h4 Bd7 39. Ke3 Bc6 40. Kd4 f6 41.
Bc2 g5 42. hxg5 hxg5 43. fxg5 fxg5 44. Ke5 g4 45. Kf4 Bd7 46. Bd1 Kd8 47. c6
Bxc6 48. Kxg4 Ke7 49. Kg5 Kf8 50. Kh6 Kg8 51. g4 Bd5 52. g5 Bc4 53. Bc2 Kf7 54.
g6+ Kf6 55. Kh7 Ke5 56. g7 Kd4 57. Bg6 Kc5 58. Kh6 Kb4 59. Be8 Bg8 60. Kg6 Ka3
61. Bf7 Bxf7+ 62. Kxf7 Kxa4 63. g8=Q Ka3 64. Qb8 a4 65. Qb5 {Black resigns} 1-0

[Event "Team 45 45 League T57"]
[Site "Internet Chess Club"]
[Date "2013.06.06"]
[Round "3"]
[White "Elton2013"]
[Black "badmove"]
[Result "0-1"]
[WhiteElo "1459"]
[BlackElo "1673"]
[Opening "Giuoco Piano"]
[ECO "C50"]
[Time "18:04:59"]
[TimeControl "2700+45"]

1. e4 e5 2. Nf3 Nc6 3. Bc4 Bc5 4. O-O Nf6 5. Nc3 a6 6. a4 d6 7. h3 Qe7 8. d3 Be6
9. Bxe6 fxe6 10. Bg5 O-O 11. Qd2 Nd4 12. Nxd4 Bxd4 13. Rad1 Qd7 14. a5 Rf7 15.
Be3 Nh5 16. Qe2 Nf4 17. Qd2 Raf8 18. Rfe1 Qe7 19. Ne2 Bxe3 20. Qxe3 Qg5 21. Qf3
Nxe2+ 22. Qxe2 Rf3 23. Kf1 Rg3 24. f3 Rf4 25. Rd2 Rfxf3+ 26. gxf3 Rg1+ 27. Kf2
Qg3+ 28. Ke3 Rxe1 29. Qxe1 Qxe1+ 30. Re2 Qg1+ 31. Rf2 Qc1+ 32. Rd2 Qxb2 33. c4
Qb4 34. h4 Qc5+ 35. d4 exd4+ 36. Rxd4 Qa3+ 37. Rd3 Qxa5 38. f4 Qc5+ 39. Rd4 e5
40. fxe5 dxe5 41. Kd3 Qxd4+ 42. Kc2 Qxe4+ 43. Kd2 Qd4+ 44. Kc2 Qxc4+ 45. Kd2 a5
46. Ke3 a4 47. Kd2 a3 48. Ke3 a2 49. Kd2 a1=Q 50. Ke3 Qa3+ 51. Kd2 Qad3+ 52. Ke1
Qce4+ 53. Kf2 Qdf3+ 54. Kg1 Qg2# {White checkmated} 0-1

[Event "Team 45 45 League T57"]
[Site "Internet Chess Club"]
[Date "2013.06.07"]
[Round "3"]
[White "ILRE"]
[Black "AndyYang2002"]
[Result "1-0"]
[WhiteElo "1531"]
[BlackElo "1408"]
[Opening "English: Sicilian reversed"]
[ECO "A25"]
[Time "18:03:52"]
[TimeControl "2700+45"]

1. c4 e5 2. Nc3 Nc6 3. g3 Nf6 4. Bg2 Bc5 5. d3 h6 6. Nf3 d6 7. O-O O-O 8. a3 a5
9. Rb1 Nd4 10. b4 axb4 11. axb4 Bb6 12. Na4 c6 13. Nxb6 Qxb6 14. h3 Be6 15. Be3
Nxf3+ 16. Bxf3 Qc7 17. Bg2 d5 18. b5 Rfd8 19. bxc6 bxc6 20. Bb6 Qd6 21. Bxd8
Rxd8 22. cxd5 Nxd5 23. Qd2 Nf6 24. Qa5 c5 25. Rfc1 Rc8 26. Qb6 Qd4 27. Qa7 Nd5
28. Rb8 Rxb8 29. Qxb8+ Kh7 30. Qa7 Nc3 31. Re1 e4 32. dxe4 Nxe4 33. e3 Qb4 34.
Ra1 Bd5 35. Qa4 Qb7 36. Qc2 f5 37. h4 Nd6 38. Bxd5 Qxd5 39. Rd1 Qe6 40. Qxc5 Ne4
41. Qd5 Qg6 42. Qe5 Qh5 43. Rd5 Kg6 44. Qe8+ Kh7 45. Qxh5 Nf6 46. Qxf5+ Kg8 47.
Ra5 Kf7 48. Ra7+ Kg8 49. Qg6 {Black resigns} 1-0

[Event "Team 45 45 League T57"]
[Site "Internet Chess Club"]
[Date "2013.06.08"]
[Round "3"]
[White "moodle"]
[Black "houseofcook"]
[Result "0-1"]
[WhiteElo "1383"]
[BlackElo "1506"]
[Opening "French: advance variation"]
[ECO "C02"]
[Time "10:00:50"]
[TimeControl "2700+45"]

1. e4 e6 2. d4 d5 3. e5 c5 4. c3 Qb6 5. Nf3 Nc6 6. a3 Bd7 7. b4 cxd4 8. cxd4 Rc8
9. Be3 Nge7 10. Bd3 Nf5 11. Bxf5 exf5 12. O-O Be6 13. Nbd2 Qd8 14. Rc1 Be7 15.
Rc3 a6 16. Nb3 Nxe5 17. Rxc8 Nxf3+ 18. Qxf3 Qxc8 19. Rc1 Qd7 20. Bf4 Bd6 21.
Bxd6 Qxd6 22. Nc5 Qe7 23. Qe3 O-O 24. Re1 Rc8 25. h3 Rc6 26. Qe5 h6 27. Qb8+ Kh7
28. Qxb7 Qxb7 29. Nxb7 Rc4 30. Rd1 g5 31. Nc5 Bc8 32. Rd3 Kg6 33. Kf1 Kf6 34.
Ke2 f4 35. Kf3 h5 36. Na4 Bf5 37. Rd2 Be4+ 38. Ke2 Bxg2 39. Rd3 Rc2+ 40. Ke1 f3
41. Nb6 Re2+ 42. Kd1 Ke6 43. Na4 Rxf2 44. Re3+ Kd6 45. Re1 Bxh3 46. Nc5 Rf1 47.
Nd3 Rxe1+ 48. Kxe1 Bf5 49. Nf2 g4 50. Kf1 g3 51. Nd1 Bd3+ 52. Ke1 f2+ 53. Nxf2
gxf2+ 54. Kxf2 f5 55. Kg3 Ke6 56. a4 Kf6 57. a5 Bb5 58. Kg2 Kg5 59. Kf3 f4 60.
Kg2 Kg4 61. Kf2 h4 62. Kg2 h3+ 63. Kg1 f3 64. Kf2 h2 65. Ke3 h1=Q 66. Kd2 Qh2+
67. Kc3 Qe2 68. Kb3 f2 69. Ka3 f1=Q 70. Kb3 Qb1+ 71. Kc3 Qbb2# {White
checkmated} 0-1

[Event "Team 45 45 League T57"]
[Site "Internet Chess Club"]
[Date "2013.06.08"]
[Round "3"]
[White "frank001"]
[Black "otherook"]
[Result "1/2-1/2"]
[WhiteElo "1789"]
[BlackElo "1773"]
[Opening "Old Indian defense"]
[ECO "A42"]
[Time "14:00:39"]
[TimeControl "2700+45"]

1. d4 d6 2. c4 e5 3. d5 f5 4. e4 Nf6 5. exf5 Bxf5 6. Nc3 Be7 7. Nge2 O-O 8. Ng3
Bg6 9. Bd3 Bxd3 10. Qxd3 Nbd7 11. O-O Nc5 12. Qe2 a5 13. Be3 b6 14. Qc2 Ng4 15.
Bd2 Bg5 16. h3 Bxd2 17. Qxd2 Nh6 18. Nge4 Nxe4 19. Nxe4 Nf5 20. Rac1 Qh4 21.
Rfe1 Nd4 22. Rc3 Qf4 23. Rce3 Rf7 24. f3 Raf8 25. Qf2 Nf5 26. Rc3 Nd4 27. b3 h6
28. a3 Qf5 29. b4 axb4 30. axb4 Ra8 31. c5 Nb5 32. Rcc1 bxc5 33. bxc5 dxc5 34.
Qxc5 Nd4 35. Rc3 Qd7 36. Qc4 Rd8 37. Nc5 Qxd5 38. Na6 Qxc4 39. Rxc4 Ra8 40. Nxc7
Rc8 41. Rxe5 Nxf3+ 42. gxf3 Rcxc7 43. Rxc7 Rxc7 44. Kg2 {Game drawn by mutual
agreement} 1/2-1/2

[Event "Team 45 45 League T57"]
[Site "Internet Chess Club"]
[Date "2013.06.07"]
[Round "3"]
[White "hondocando"]
[Black "pereelcoix"]
[Result "1-0"]
[WhiteElo "1523"]
[BlackElo "1554"]
[Opening "Caro-Kann defense"]
[ECO "B11"]
[Time "16:00:42"]
[TimeControl "2700+45"]

1. e4 c6 2. Nc3 d5 3. exd5 cxd5 4. d4 Nc6 5. Nf3 Bg4 6. Be2 e6 7. O-O Nf6 8. Bg5
h6 9. Bxf6 Qxf6 10. Nb5 O-O-O 11. c3 a6 12. Na3 Bxa3 13. bxa3 Bxf3 14. Bxf3 e5
15. Bg4+ Kb8 16. dxe5 Nxe5 17. Be2 Ng6 18. Qb3 Nf4 19. Bf3 Rc8 20. Rab1 b5 21.
Rbc1 g5 22. a4 g4 23. Bxd5 Nxd5 24. Qxd5 Rxc3 25. Rxc3 Qxc3 26. axb5 axb5 27.
Qxb5+ Kc7 28. Rb1 Kd6 29. Rd1+ Ke7 30. Qd7+ Kf8 31. Qxg4 Rg8 32. Rd8+ Ke7 33.
Qd7+ Kf6 34. Qd4+ Qxd4 35. Rxd4 Rb8 36. g3 Rb2 37. Ra4 {Black resigns} 1-0

[Event "Team 45 45 League T57"]
[Site "Internet Chess Club"]
[Date "2013.06.08"]
[Round "3"]
[White "Leon13"]
[Black "crazyhorses"]
[Result "0-1"]
[WhiteElo "1300"]
[BlackElo "1436"]
[Opening "Sicilian: closed"]
[ECO "B23"]
[Time "13:00:16"]
[TimeControl "2700+45"]

1. e4 c5 2. Nc3 g6 3. f4 Nc6 4. Bb5 Nd4 5. Bc4 Bg7 6. Nge2 e6 7. e5 d5 8. Bb5+
Bd7 9. a4 Nxb5 10. Nxb5 Bxb5 11. axb5 Qb6 12. Nc3 Ne7 13. d3 Nf5 14. O-O O-O 15.
Bd2 c4+ 16. Kh1 cxd3 17. cxd3 Rfc8 18. Qc2 d4 19. Na4 Qxb5 20. Qd1 Qxd3 21. b3
Rc2 22. Rf2 Rac8 23. Rb1 Qb5 24. Rc1 Rxc1 25. Bxc1 Bf8 26. h3 Bb4 27. Rc2 Rxc2
28. Qxc2 Qf1+ 29. Kh2 Be1 {White resigns} 0-1

[Event "Team 45 45 League T57"]
[Site "Internet Chess Club"]
[Date "2013.06.07"]
[Round "3"]
[White "caglar"]
[Black "Andressa"]
[Result "1/2-1/2"]
[WhiteElo "1524"]
[BlackElo "1437"]
[Opening "Bishop's opening/Petrov: Urusov gambit"]
[ECO "C24"]
[Time "14:08:19"]
[TimeControl "2700+45"]

1. e4 e5 2. Bc4 Nf6 3. d4 exd4 4. Nf3 d6 5. Ng5 d5 6. exd5 Qe7+ 7. Kd2 Qb4+ 8.
c3 Qxc4 9. Re1+ Be7 10. b3 dxc3+ 11. Nxc3 Qd4+ 12. Kc2 Qxd1+ 13. Kxd1 Bd7 14.
Ba3 c5 15. dxc6 Nxc6 16. Nb5 Nd5 17. Bxe7 Ncxe7 18. Nd6+ Kf8 19. Ngxf7 Rg8 20.
Ng5 Nf6 21. Re3 h6 22. Ne6+ Bxe6 23. Rxe6 Rd8 24. Ke2 Ned5 25. g3 Rd7 26. Rc1
Nc7 27. Re3 Nfd5 28. Rf3+ Ke7 29. Nxb7 Rf8 30. Rxf8 Kxf8 31. Nc5 Re7+ 32. Kf1
Ne6 33. Nxe6+ Rxe6 34. a3 Ke7 35. b4 Kd7 36. Rc5 Nc7 37. Rc1 Ra6 38. Rc3 Rc6 39.
Rd3+ Rd6 40. Ke2 Nb5 {Game drawn by mutual agreement} 1/2-1/2

[Event "Team 45 45 League T57"]
[Site "Internet Chess Club"]
[Date "2013.06.09"]
[Round "3"]
[White "fledermaus"]
[Black "Jack-ONeill"]
[Result "0-1"]
[WhiteElo "1987"]
[BlackElo "2071"]
[Opening "QGD: Tartakower (Makagonov-Bondarevsky) system"]
[ECO "D58"]
[Time "13:12:19"]
[TimeControl "2700+45"]

1. d4 d5 2. Nf3 Nf6 3. c4 e6 4. Nc3 Be7 5. Bg5 O-O 6. e3 h6 7. Bh4 b6 8. Qb3 Bb7
9. Bxf6 Bxf6 10. cxd5 exd5 11. Rd1 Re8 12. Be2 c6 13. O-O Nd7 14. Qc2 Nf8 15.
Bd3 Rc8 16. Bf5 Ne6 17. Qa4 a5 18. Rd2 g6 19. Bh3 Bg7 20. Rc1 c5 21. dxc5 Rxc5
22. Qd1 Qc7 23. Bxe6 Rxe6 24. Nd4 Re5 25. Rb1 Rh5 26. h3 Qd8 27. Na4 Rc4 28. b3
Rc8 29. Rc1 Qg5 30. Nxb6 Rxc1 31. Qxc1 Rxh3 32. Qc7 Rxe3 33. f4 Qg3 34. Nf3 Rxf3
35. Re2 Bd4+ {White resigns} 0-1

[Event "Team 45 45 League T57"]
[Site "Internet Chess Club"]
[Date "2013.06.10"]
[Round "3"]
[White "Ptzz"]
[Black "DavidBarnsley"]
[Result "1/2-1/2"]
[WhiteElo "2108"]
[BlackElo "1954"]
[Opening "French: exchange variation"]
[ECO "C01"]
[Time "14:30:57"]
[TimeControl "2700+45"]

1. e4 e6 2. d4 d5 3. exd5 exd5 4. c4 Bb4+ 5. Nc3 Ne7 6. Nf3 Bg4 7. Bd3 Nbc6 8.
a3 Bxc3+ 9. bxc3 dxc4 10. Bxc4 O-O 11. O-O Nd5 12. Qd3 Qd7 13. Bb5 Qf5 14. Qxf5
Bxf5 15. Bd2 Nce7 {Game drawn by mutual agreement} 1/2-1/2

[Event "Team 45 45 League T57"]
[Site "Internet Chess Club"]
[Date "2013.06.06"]
[Round "3"]
[White "CogitoErgoSum"]
[Black "Holgate"]
[Result "1/2-1/2"]
[WhiteElo "1945"]
[BlackElo "2038"]
[Opening "Sicilian: accelerated fianchetto, modern variation with Bc4"]
[ECO "B35"]
[Time "05:31:38"]
[TimeControl "2700+45"]

1. e4 c5 2. Nf3 Nc6 3. d4 cxd4 4. Nxd4 g6 5. Nc3 Bg7 6. Be3 Nf6 7. Bc4 O-O 8.
Bb3 a5 9. O-O a4 10. Nxa4 Nxe4 11. Nb5 Rxa4 12. Bxa4 Bxb2 13. Rb1 Bg7 14. c4 d6
15. f3 Nc5 16. Bxc5 dxc5 17. Qxd8 Rxd8 18. Rfd1 Nd4 19. Nxd4 Bxd4+ 20. Kf1 Rd6
21. Rd2 e5 22. Bc2 f5 23. h3 h5 24. g4 hxg4 25. hxg4 Ra6 26. gxf5 gxf5 27. Bd3
Kf7 28. Rb3 Rh6 29. Re2 Rh1+ 30. Kg2 Rg1+ 31. Kh2 Rg6 32. Rb1 Rh6+ 33. Kg2 Rg6+
34. Kh2 {Game drawn by mutual agreement} 1/2-1/2

[Event "Team 45 45 League T57"]
[Site "Internet Chess Club"]
[Date "2013.06.09"]
[Round "3"]
[White "Holzschlange"]
[Black "SaltofLife"]
[Result "1/2-1/2"]
[WhiteElo "1823"]
[BlackElo "1889"]
[Opening "Réti opening"]
[ECO "A05"]
[Time "09:04:19"]
[TimeControl "2700+45"]

1. Nf3 Nf6 2. g3 d5 3. d4 c6 4. c4 Bf5 5. Qb3 Qb6 6. Nc3 e6 7. Bg2 h6 8. O-O
Nbd7 9. Bf4 Be7 10. cxd5 exd5 11. Rac1 O-O 12. Rfe1 Rfe8 13. Bd2 Ne4 14. Red1
Bf6 15. e3 Rab8 16. Be1 Bg4 17. h3 Bh5 18. g4 Bg6 19. Nd2 Nd6 20. Na4 Qd8 21.
Nc5 {Game drawn by mutual agreement} 1/2-1/2

[Event "Team 45 45 League T57"]
[Site "Internet Chess Club"]
[Date "2013.06.06"]
[Round "3"]
[White "Froggy"]
[Black "kyoroogi"]
[Result "1/2-1/2"]
[WhiteElo "2114"]
[BlackElo "2077"]
[Opening "French: Steinitz variation"]
[ECO "C11"]
[Time "16:59:49"]
[TimeControl "2700+45"]

1. e4 e6 2. d4 d5 3. Nc3 Nf6 4. e5 Nfd7 5. Nf3 c5 6. dxc5 Nc6 7. Bf4 Nxc5 8. Bd3
Be7 9. h4 f6 10. Qe2 Nxd3+ 11. cxd3 fxe5 12. Bxe5 Nxe5 13. Nxe5 O-O 14. d4 Bd6
15. O-O-O Bd7 16. Kb1 Rc8 17. Qe3 b5 18. Ne2 b4 19. Nf4 Ba4 20. Nxe6 Bc2+ 21.
Ka1 Qa5 22. Qg5 Bxe5 23. Qxe5 Rf6 24. Rc1 b3 25. a3 Re8 26. Qc7 Qxc7 27. Nxc7
Re4 28. Nxd5 Rxf2 29. g3 Rxd4 30. Nf4 a5 31. Rhf1 Rdd2 32. Rxf2 Rxf2 33. Rg1 Kf7
34. Nd5 Ke6 35. Ne3 Re2 36. Nxc2 Rxc2 37. a4 h5 38. Kb1 Kf5 39. Rd1 Rg2 40. Kc1
Ke4 41. Rd7 Rxg3 42. Kd2 g5 43. hxg5 Rxg5 44. Kc3 Kf3 45. Kxb3 h4 46. Kc4 h3 47.
Rd3+ Kg4 48. b4 axb4 49. Kxb4 h2 50. Rd1 Kf3 51. Rh1 Kg2 52. Rxh2+ Kxh2 53. a5
Kg3 54. a6 Kf4 55. a7 Rg8 56. Kc5 Ke5 57. Kc6 Ke6 58. Kb7 Kd7 {Game drawn by
mutual agreement} 1/2-1/2

[Event "Team 45 45 League T57"]
[Site "Internet Chess Club"]
[Date "2013.06.08"]
[Round "3"]
[White "ben622"]
[Black "Goli"]
[Result "1-0"]
[WhiteElo "2011"]
[BlackElo "1890"]
[Opening "Robatsch (modern) defense"]
[ECO "B06"]
[Time "16:30:36"]
[TimeControl "2700+45"]

1. e4 g6 2. d4 Bg7 3. Bc4 d6 4. Nc3 Nf6 5. Nf3 O-O 6. O-O Bg4 7. h3 Bxf3 8. Qxf3
Nc6 9. Rd1 e5 10. dxe5 Nxe5 11. Qe2 Nxc4 12. Qxc4 Qe7 13. Bg5 c6 14. Rd2 Qe5 15.
f4 Qc5+ 16. Qxc5 dxc5 17. Bxf6 Bxf6 18. e5 Rad8 19. Rad1 Rxd2 20. Rxd2 Rd8 21.
Ne4 Rxd2 22. Nxd2 Be7 23. Kf2 Kf8 24. c4 Ke8 25. Kf3 Kd7 26. Ke4 f6 27. exf6
Bxf6 28. b3 Ke6 29. g4 h6 30. f5+ gxf5+ 31. gxf5+ Kd6 32. Nf3 a5 33. Kf4 b5 34.
Kg4 bxc4 35. bxc4 Ke7 36. Kh5 Bg7 37. Kg6 Bf8 38. Ne5 Kd6 39. Ng4 Ke7 40. a4 Kd6
41. h4 Ke7 42. h5 Kd6 43. Kf7 Be7 44. f6 Bd8 45. Nxh6 Ke5 46. Ng4+ Kd4 47. h6
Kxc4 48. h7 Kb4 49. h8=Q Bc7 50. Qc8 {Black resigns} 1-0

[Event "Team 45 45 League T57"]
[Site "Internet Chess Club"]
[Date "2013.06.09"]
[Round "3"]
[White "NimzoMal"]
[Black "alexping"]
[Result "1/2-1/2"]
[WhiteElo "1950"]
[BlackElo "1802"]
[Opening "Budapest: Adler variation"]
[ECO "A52"]
[Time "11:03:57"]
[TimeControl "2700+45"]

1. d4 Nf6 2. c4 e5 3. dxe5 Ng4 4. Nf3 Nc6 5. Bf4 Bb4+ 6. Nbd2 Qe7 7. a3 Ngxe5 8.
Nxe5 Nxe5 9. e3 Bxd2+ 10. Qxd2 d6 11. Be2 Be6 12. Rc1 O-O 13. O-O Ng6 14. Bg3
Rad8 15. Rfd1 f5 16. Bf3 Bc8 17. h3 Ne5 18. Bd5+ Kh8 19. f4 Nd7 20. Qf2 Rde8 21.
Rc3 Nf6 22. Bh4 Qd7 23. Bxf6 Rxf6 24. Bf3 Qe7 25. Re1 c6 26. e4 fxe4 27. Rxe4
Qf7 28. Rxe8+ Qxe8 29. Re3 Qf7 30. Qe2 Re6 31. Rxe6 Bxe6 32. Qd2 d5 {Game drawn
by mutual agreement} 1/2-1/2

[Event "Team 45 45 League T57"]
[Site "Internet Chess Club"]
[Date "2013.06.09"]
[Round "3"]
[White "Otelo"]
[Black "FourKnights"]
[Result "1/2-1/2"]
[WhiteElo "1847"]
[BlackElo "1813"]
[Opening "Sicilian: Grand Prix attack"]
[ECO "B23"]
[Time "19:14:03"]
[TimeControl "2700+45"]

1. e4 c5 2. Nc3 Nc6 3. f4 e6 4. Nf3 d5 5. Bb5 d4 6. Bxc6+ bxc6 7. Ne2 d3 8. cxd3
Qxd3 9. Qa4 Qb5 10. Qc2 Ba6 11. Nc3 Qb7 12. d3 Rd8 13. Ne5 f6 14. Nc4 Bxc4 15.
dxc4 Bd6 16. O-O Ne7 17. Be3 Ng6 18. Rad1 O-O 19. Rxd6 Rxd6 20. Bxc5 Rfd8 21.
Bxd6 Rxd6 22. b3 Qb6+ 23. Qf2 Qxf2+ 24. Rxf2 Rd3 25. Na4 Rd1+ 26. Rf1 Rd2 27.
Nc3 Rc2 28. Rf3 Nxf4 29. Rxf4 Rxc3 {Game drawn by mutual agreement} 1/2-1/2

[Event "Team 45 45 League T57"]
[Site "Internet Chess Club"]
[Date "2013.06.07"]
[Round "3"]
[White "vjbaker"]
[Black "Bible-Believer"]
[Result "0-1"]
[WhiteElo "1764"]
[BlackElo "1671"]
[Opening "KP: Nimzovich defense"]
[ECO "B00"]
[Time "16:00:40"]
[TimeControl "2700+45"]

1. e4 Nc6 2. Nf3 Nf6 3. e5 Ng4 4. d4 d6 5. h3 Nh6 6. Bb5 a6 7. Bxc6+ bxc6 8. c4
c5 9. d5 g6 10. O-O Bg7 11. Re1 O-O 12. Bg5 Re8 13. Nh2 dxe5 14. Bxh6 Bxh6 15.
Rxe5 Bg7 16. Re2 Rb8 17. Nc3 Rxb2 18. Rxb2 Bxc3 19. Re2 Bxa1 20. Qxa1 Bf5 21.
Qc3 Qb8 22. Nf3 Qb4 23. Qxb4 cxb4 24. Rb2 a5 25. Nd4 Bd3 26. Nb5 Bxc4 27. Nxc7
Rc8 28. Na6 Bxa6 29. f4 Rc1+ 30. Kf2 Rf1+ 31. Ke3 Re1+ 32. Kd4 Re2 33. Rb1 Rxa2
34. g4 Rd2+ 35. Kc5 Bd3 36. Re1 b3 37. Rxe7 b2 38. d6 b1=Q 39. d7 Qb5+ 40. Kd4
Bf5+ 41. Kc3 Qb4# {White checkmated} 0-1

[Event "Team 45 45 League T57"]
[Site "Internet Chess Club"]
[Date "2013.06.10"]
[Round "3"]
[White "palm47"]
[Black "Littlemon"]
[Result "1-0"]
[WhiteElo "1589"]
[BlackElo "1416"]
[Opening "Réti: King's Indian attack (Barcza system)"]
[ECO "A07"]
[Time "14:00:22"]
[TimeControl "2700+45"]

1. g3 d5 2. Nf3 Nf6 3. Bg2 Bf5 4. c4 c6 5. cxd5 cxd5 6. Qb3 Qb6 7. Qxb6 axb6 8.
Nc3 e6 9. O-O Be7 10. d4 O-O 11. Bf4 Nc6 12. e3 Rfc8 13. h3 h6 14. g4 Bg6 15. a4
Na5 16. Ne5 Bh7 17. h4 Nc4 18. Nxc4 Rxc4 19. f3 Bc2 20. Rfc1 Bd3 21. Rd1 Bh7 22.
Rac1 Ne8 23. g5 hxg5 24. hxg5 Rac8 25. Bf1 Rb4 26. Nxd5 Rxc1 27. Nxe7+ Kf8 28.
Rxc1 Kxe7 29. Rc8 Kd7 30. Rb8 Nd6 31. Bxd6 Kxd6 32. Rxb7 Bg6 33. Bb5 e5 34.
Rxb6+ Kd5 35. Bc6+ Kc4 36. Bd5+ Kxd5 37. Rxb4 exd4 38. Rxd4+ Kc5 39. b4+ Kc6 40.
f4 Kc7 41. a5 Kc8 42. a6 Kb8 43. Rd7 Ka8 44. b5 Bf5 45. Rxf7 g6 46. b6 Bc8 47.
Rf8 Kb8 48. e4 Ka8 49. Rxc8# {Black checkmated} 1-0

[Event "Team 45 45 League T57"]
[Site "Internet Chess Club"]
[Date "2013.06.08"]
[Round "3"]
[White "DeltaChess"]
[Black "kingsrook"]
[Result "1-0"]
[WhiteElo "1355"]
[BlackElo "1307"]
[Opening "Sicilian: closed"]
[ECO "B23"]
[Time "17:01:28"]
[TimeControl "2700+45"]

1. e4 c5 2. Nc3 e6 3. g3 Nc6 4. Bg2 Nf6 5. d3 Be7 6. Be3 O-O 7. f4 d6 8. Nf3 Qc7
9. Qd2 a6 10. O-O-O Rd8 11. h3 b5 12. g4 b4 13. Ne2 a5 14. g5 Nh5 15. Bf2 a4 16.
Ng3 Nxg3 17. Bxg3 b3 18. a3 Nd4 19. c3 Nxf3 20. Bxf3 Bb7 21. h4 d5 22. h5 dxe4
23. h6 exf3 24. hxg7 c4 25. Qh2 h5 26. Qxh5 Kxg7 27. Qh7+ {Black resigns} 1-0

[Event "Team 45 45 League T57"]
[Site "Internet Chess Club"]
[Date "2013.06.10"]
[Round "3"]
[White "JRussell2"]
[Black "wildcat2023"]
[Result "0-1"]
[WhiteElo "1359"]
[BlackElo "1393"]
[Opening "QGD Slav: exchange variation"]
[ECO "D13"]
[Time "13:31:25"]
[TimeControl "2700+45"]

1. Nf3 d5 2. d4 Nf6 3. c4 c6 4. cxd5 cxd5 5. e3 e6 6. Qa4+ Bd7 7. Bb5 Bxb5 8.
Qxb5+ Qd7 9. Qb3 Bd6 10. O-O Nc6 11. Nc3 Rc8 12. Re1 Na5 13. Qd1 Bb4 14. Bd2 Nc4
15. a3 Nxb2 16. Qc2 Bxc3 17. Bxc3 Na4 18. Ne5 Qb5 19. Reb1 Qa6 20. Rb3 Ne4 21.
Rc1 Nexc3 22. Qd2 Ne2+ {White resigns} 0-1